 Dungeon Crawl Stone Soup version 0.31.0-11-ge490571c62 (webtiles) character file.

Game seed: 180309950581191105

112 qw the Ducker (level 4, -5/23 HPs)
             Began as a Spriggan Hunter on Feb 3, 2024.
             Slain by a black bear (11 damage)
             ... on level 3 of the Dungeon.
             The game lasted 00:00:34 (1614 turns).

qw the Ducker (Spriggan Hunter)                     Turns: 1614, Time: 00:00:34

Health: -5/23      AC:  6    Str:  7    XL:     4   Next: 64%
Magic:  5/5        EV: 20    Int: 10    God:
Gold:   149        SH:  0    Dex: 20    Spells: 3/3 levels left

rFire   . . .        a - +0 shortbow
rCold   . . .        (shield currently unavailable)
rNeg    . . .        c - +0 robe
rPois   .            (helmet restricted)
rElec   .            b - scarf {repulsion}
rCorr   .            (gloves unavailable)
SInv    +            (boots unavailable)
Will    .....        (no amulet)
Stlth   ++           h - +4 ring of protection
HPRegen 0.23/turn    (no ring)
MPRegen 0.09/turn

%: repel missiles
@: very quick
A: very small, no large weapons, unfitting armour, see invisible, speed 3
a: no special abilities


You were on level 3 of the Dungeon.
You visited 1 branch of the dungeon, and saw 3 of its levels.

You collected 149 gold pieces.


Innate Abilities, Weirdness & Mutations

You are very small and have problems with some larger weapons.
You are too small for most types of armour.
You have supernaturally acute eyesight. (SInv)
You cover ground extremely quickly. (Speed+++)


   Skills:
 + Level 1.6 Fighting
 - Level 5.0 Ranged Weapons
 - Level 5.1 Dodging
 - Level 1.5 Stealth


You had 3 spell levels left.
You didn't know any spells.
Your spell library was empty.

Inventory:

Hand Weapons
 a - a +0 shortbow (weapon)
Armour
 b - a scarf of repulsion (worn)
 c - a +0 robe (worn)
Jewellery
 h - a +4 ring of protection (left hand)
Scrolls
 d - a scroll of identify
Potions
 e - a potion of invisibility {unknown}
 f - 2 potions of curing {unknown}
 i - a potion of brilliance {unknown}

Dungeon Overview and Level Annotations

Branches:
Dungeon (3/15)

Altars:


Message History

The black bear misses you. The black bear completely misses you.
The black bear claws you but does no damage.
The black bear misses you.
You shoot an arrow.
The arrow hits the black bear but does no damage.
The black bear is lightly wounded.
The black bear barely misses you. x2; The black bear misses you.
You shoot an arrow. The arrow hits the black bear.
The black bear is moderately wounded.
The black bear bites you but does no damage.
The black bear claws you but does no damage.
The black bear claws you.
You shoot an arrow.
The arrow hits the black bear but does no damage.
The black bear is moderately wounded.
The black bear bites you but does no damage.
The black bear barely misses you. The black bear misses you.
You shoot an arrow. The arrow hits the black bear.
The black bear is moderately wounded.
The black bear misses you. The black bear completely misses you.
The black bear closely misses you.
You shoot an arrow. The arrow hits the black bear!
The black bear is severely wounded.
The black bear closely misses you.
The black bear claws you but does no damage.
The black bear completely misses you.
You shoot an arrow.
The arrow hits the black bear but does no damage.
The black bear is severely wounded.
The black bear bites you. The black bear misses you.
The black bear closely misses you.
You shoot an arrow. The arrow hits the black bear.
The black bear is almost dead.
The black bear goes berserk!
The black bear bites you! The black bear barely misses you.
The black bear claws you but does no damage.
You shoot an arrow.
The arrow closely misses the black bear.
The black bear bites you!
You die...

##########
###........######
#....#...@.......
# #...##.h.###..
.. #..###.#.# #.
#..###...# ##.#
##....###.
##...###..#.# .#
7.........(.# .
.77..:..#.###..#
#. ..........#
#.#


You could see a black bear (berserk).

Vanquished Creatures
  A hound zombie (D:3)
  4 adders (D:2)
  A ribbon worm (D:2)
  8 endoplasms
  2 giant cockroaches (D:1)
  9 goblins
  3 hobgoblins
  4 jackals
  3 quokkas (D:1)
  7 ball pythons
  3 bats
  2 frilled lizards
  6 kobolds
  4 rats
57 creatures vanquished.

Notes
Turn   | Place    | Note
-------+----------+-------------------------------------------
     0 | D:1      | qw the Spriggan Hunter began the quest for the Orb.
     0 | D:1      | Reached XP level 1. HP: 10/10 MP: 2/2
     0 | D:1      | 0 ||| qw: Version: 0.3-a-155-g5e7d8dd
     0 | D:1      | 0 ||| qw: Game counter: 3224
     0 | D:1      | 0 ||| qw: Melee chars always use a shield: true
     0 | D:1      | 0 ||| qw: God list: Okawaru
     0 | D:1      | 0 ||| qw: Allow faded altars: false
     0 | D:1      | 0 ||| qw: Do Orc after clearing Dungeon:15 true
     0 | D:1      | 0 ||| qw: Do second Lair branch before Depths: true
     0 | D:1      | 0 ||| qw: Lair rune preference: random
     0 | D:1      | 0 ||| qw: Goals: Normal
     0 | D:1      | 0 ||| PLANNING D:1-11
    69 | D:1      | Reached skill level 3 in Dodging
    78 | D:1      | Reached XP level 2. HP: 14/14 MP: 3/3
   178 | D:1      | Found a faded altar of an unknown god.
   391 | D:1      | Reached XP level 3. HP: 18/18 MP: 4/4
   722 | D:1      | 722 ||| UPGRADING to +4 ring of protection.
   723 | D:1      | 723 ||| READING scroll labelled DEXUCU EDDAIGGEKE.
   724 | D:1      | 724 ||| READING scroll labelled INATSI ZARETUPH.
   725 | D:1      | 725 ||| DROPPING scroll of butterflies.
  1176 | D:2      | Reached XP level 4. HP: 22/22 MP: 5/5
  1367 | D:2      | 1367 ||| FLEEEEING.
  1368 | D:2      | 1368 ||| FLEEEEING.
  1372 | D:2      | 1372 ||| FLEEEEING.
  1373 | D:2      | 1373 ||| FLEEEEING.
  1378 | D:2      | 1378 ||| FLEEEEING.
  1379 | D:2      | 1379 ||| FLEEEEING.
  1380 | D:2      | 1380 ||| FLEEEEING.
  1381 | D:2      | 1381 ||| FLEEEEING.
  1382 | D:2      | 1382 ||| FLEEEEING.
  1383 | D:2      | 1383 ||| FLEEEEING.
  1468 | D:2      | 1468 ||| UPGRADING to scarf of repulsion.
  1473 | D:2      | 1473 ||| READING scroll labelled HUSAULARAO.
  1473 | D:2      | 1473 ||| IDENTIFYING bubbling yellow potion
  1474 | D:2      | 1474 ||| DROPPING potion of lignification.
  1597 | D:3      | Noticed a black bear
  1613 | D:3      | HP: 5/23 [black bear (11)]
  1614 | D:3      | Slain by a black bear

Levels and vault maps discovered:
D:1:      dpeg_arrival_snail, layout_basic, ebering_ecumenical_altar_sacrificial
D:2:      layout_basic, minmay_tall_x
D:3:      layout_loops_ring, mainiacjoe_overflow_chevrons,
          nicolae_yredelemnul_corpse_copse, minmay_starry_boxes,
          uniq_crazy_yiuf_cottage

Skill      XL: |  1  2  3  4 |
---------------+-------------+-----
Dodging        | 3 4 5 |  5.1
Ranged Weapons | 5 |  5.0
Fighting       | |  1.6
Stealth        | |  1.5

Action                     |  1- 3 |  4- 6 || total
---------------------------+-------+-------++-------
   Fire: Shortbow          |    99 |    67 ||   166
    Use: Scroll            |     2 |     1 ||     3
 Armour: Robe              |     4 |    18 ||    22
  Dodge: Dodged            |    16 |    63 ||    79

Table legend:
 A = Non-vault XP
 B = Vault XP
 C = Vault XP percentage of total XP
 D = Non-vault monster count
 E = Vault monster count
 F = Vault count percentage of total count
                 A         B        C        D         E       F
            +---------+---------+-------+---------+---------+-------
      Total |     105 |      56 |  34.8 |      49 |       8 |  14.0
            +---------+---------+-------+---------+---------+-------
        D:1 |      59 |       0 |   0.0 |      35 |       0 |   0.0
        D:2 |      43 |      31 |  41.9 |      12 |       4 |  25.0
        D:3 |       3 |      25 |  89.3 |       2 |       4 |  66.7
            +---------+---------+-------+---------+---------+-------
